 Dungeon Crawl Stone Soup version 0.31-a0-365-gcf821cafb2 (webtiles) character file.

Game seed: 17194539583096672764

44 rocky1 the Ruffian (level 3, -6/28 HPs)
             Began as a Gnoll Shapeshifter on July 28, 2023.
             Killed by divine providence
             ... invoked by an orc priest
              (9 damage)
             ... on level 3 of the Dungeon.
             The game lasted 00:02:22 (1350 turns).

rocky1 the Ruffian (Gnoll Shapeshifter)             Turns: 1350, Time: 00:02:22

Health: -6/28      AC:  2    Str: 16    XL:     3   Next: 60%
Magic:  4/4        EV: 14    Int:  7    God:
Gold:   121        SH:  0    Dex: 18    Spells: 3/3 levels left

rFire   . .          .
                       - Unarmed
rCold   . . .        (no shield)
rNeg    . . .        a - +0 animal skin
rPois   .            (helmet currently unavailable)
rElec   .            (cloak currently unavailable)
rCorr   .            (gloves currently unavailable)
SInv    .            (boots currently unavailable)
Will    .....        (no amulet)
Stlth   ++           f - +6 ring of dexterity
HPRegen 0.24/turn    (no ring)
MPRegen 0.09/turn

%: no passive effects
@: beast-form
A: beast (slay +4), fangs 1, strong nose, distributed training
a: Begin Untransformation


You were on level 3 of the Dungeon.
You were a hulking beast.
You visited 1 branch of the dungeon, and saw 3 of its levels.

You collected 121 gold pieces.

Inventory:

Missiles
 j - 3 poisoned darts
Armour
 a - a +0 animal skin (worn)
Jewellery
 f - a +6 ring of dexterity (left hand)
Talismans
 c - a beast talisman
Scrolls
 e - a scroll of identify {unknown}
 g - a scroll of poison {unknown}
 k - a scroll of summoning {unknown}
 l - a scroll of teleportation
 m - a scroll of enchant armour {unknown}
Potions
 b - a potion of lignification
 d - a potion of ambrosia {unknown}
 h - 3 potions of curing {unknown}
 i - a potion of degeneration {unknown}
 n - a potion of might {unknown}


   Skills:
 + Level 2.6 Fighting
 + Level 0.9 Short Blades
 + Level 0.9 Long Blades
 + Level 0.9 Axes
 + Level 0.9 Maces & Flails
 + Level 0.9 Polearms
 + Level 0.9 Staves
 + Level 0.9 Ranged Weapons
 + Level 0.9 Throwing
 + Level 0.9 Armour
 + Level 4.5 Dodging
 + Level 0.9 Stealth
 + Level 0.9 Shields
 + Level 6.5 Unarmed Combat
 + Level 0.9 Spellcasting
 + Level 0.6 Conjurations
 + Level 0.6 Hexes
 + Level 0.6 Summonings
 + Level 0.6 Necromancy
 + Level 0.6 Translocations
 + Level 0.6 Transmutations
 + Level 0.6 Fire Magic
 + Level 0.6 Ice Magic
 + Level 0.6 Air Magic
 + Level 0.6 Earth Magic
 + Level 0.6 Poison Magic
 + Level 1.0 Invocations
 + Level 0.9 Evocations
 + Level 6.5 Shapeshifting


You had 3 spell levels left.
You didn't know any spells.
Your spell library contained the following spells:

 Spells                   Type           Power      Damage    Failure   Level
 Lesser Beckoning         Tloc           2%         N/A       45%         2
 Gell's Gravitas          Tloc           1%         N/A       69%         3
 Teleport Other           Tloc           1%         N/A       69%         3


Dungeon Overview and Level Annotations

Branches:
Dungeon (3/15)

Altars:

Shops:
D:1 [

Annotations:
D:3 Sigmund


Innate Abilities, Weirdness & Mutations

You are a hulking beast.
Your limbs bulge with bestial killing power. (Slay +4)
You have very sharp teeth.
Your uncanny sense of smell can sniff out nearby items.
Your experience applies equally to all skills.


Message History

You now have 121 gold pieces (gained 12).
An orc comes into view. It is wielding a +0 club.
An orc is nearby!
An orc comes into view. It is wielding a +0 hand axe.
An orc comes into view. It is wielding a +0 mace.
An orc priest comes into view. It is wielding a +0 mace.
The orc shouts! x2; The orc priest shouts!
The orc priest miscasts a cantrip.
Sigmund the Dreaded comes into view.
He is wielding a +0 scythe.
You hear a shout!
The orc shouts!
You hit the orc.
The orc is almost dead.
The orc misses you.
An orc priest comes into view. It is wielding a +0 short sword.
You hit the orc.
You kill the orc!
You punch the orc!
You kill the orc!
Sigmund gestures at you while chanting. You resist with significant effort.
Unknown command.
Okay, then.
The orc priest begins to cast a cantrip, but forgets the words!
The orc attacks as you move away! The orc barely misses you.
The orc priest mumbles some strange prayers to Beogh against you.
Beogh smites you!
Ouch! That really hurt!
The orc priest calls down the wrath of Beogh upon you.
Beogh smites you!
* * * LOW HITPOINT WARNING * * *
The orc attacks as you move away! The orc barely misses you.
You hit the orc.
The orc is heavily wounded.
The orc barely misses you.
You barely miss the orc.
The orc is moderately wounded.
The orc priest invokes the aid of Beogh against you.
Beogh smites you!
You die...

..... #..........# ....
#....)...... ...##
#........... #..#
#........... #.####
#........... #.##.o..###
#...........
#.oo).@...###...........
.....@.###o#..##...........
....... #h##..............
....... #............<....
....... #..........#...###
....... #..........+...#
#...... ............###...
#...................# #...
................ >.#
.....####....... ..# ..
#........ ...


You could see Sigmund, an orc priest and an orc.

Vanquished Creatures
  A worm (D:2)
  2 orcs (D:3)
  2 ball pythons (D:2)
  2 bats (D:2)
  3 endoplasms
  3 giant cockroaches
  2 goblins
  5 hobgoblins
  5 jackals
  3 quokkas
  A frilled lizard (D:3)
  2 rats (D:1)
31 creatures vanquished.

Notes
Turn   | Place    | Note
-------+----------+-------------------------------------------
     0 | D:1      | rocky1 the Gnoll Shapeshifter began the quest for the Orb.
     0 | D:1      | Reached XP level 1. HP: 17/17 MP: 1/1
   152 | D:1      | Reached XP level 2. HP: 23/23 MP: 2/2
   346 | D:1      | Found Sofal's Armour Shoppe.
   841 | D:2      | Reached XP level 3. HP: 28/28 MP: 3/3
   970 | D:2      | Reached skill level 1 in Invocations
  1340 | D:3      | Noticed Sigmund
  1350 | D:3      | Killed from afar by an orc priest

Illustrated notes

Levels and vault maps discovered:
D:1:      roderic_dead_forest, layout_loops_ring, serial_shops,
          nicolae_shop_crystal, grunt_decor_fettered, chequers_garden,
          chequers_mini_garden
D:2:      layout_loops_ring, corexii_leaking_fountain,
          dreamdust_mushroom_princess
D:3:      layout_basic, mainiacjoe_overflow_brackets,
          nicolae_overflow_hallway_of_the_gods,
          chequers_ecumenical_altar_twisty, uniq_sigmund

Skill      XL: |  1  2  3 |
---------------+----------+-----
Invocations    | 1 |  1.0
Fighting       | |  2.6
Short Blades   | |  0.9
Long Blades    | |  0.9
Axes           | |  0.9
Maces & Flails | |  0.9
Polearms       | |  0.9
Staves         | |  0.9
Ranged Weapons | |  0.9
Throwing       | |  0.9
Armour         | |  0.9
Dodging        | |  4.5
Stealth        | |  0.9
Shields        | |  0.9
Unarmed Combat | |  6.5
Spellcasting   | |  0.9
Conjurations   | |  0.6
Hexes          | |  0.6
Summonings     | |  0.6
Necromancy     | |  0.6
Translocations | |  0.6
Transmutations | |  0.6
Fire Magic     | |  0.6
Ice Magic      | |  0.6
Air Magic      | |  0.6
Earth Magic    | |  0.6
Poison Magic   | |  0.6
Evocations     | |  0.9
Shapeshifting  | |  6.5

Action                     || total
---------------------------++-------
  Melee: Unarmed           ||    51
         Bite              ||     3
    Use: Scroll            ||     1
   Stab: Sleeping          ||     3
         Distracted        ||     1
 Armour: Animal skin       ||     5
  Dodge: Dodged            ||    26

Table legend: (Time is in decaauts)
 A = Elapsed time spent in this place.
 B = Non-inter-level travel time spent in this place.
 C = Inter-level travel time spent in this place.
 D = Time resting spent in this place.
 E = Time spent auto-exploring this place.
 F = Levels seen in this place.
 G = Mean time per level.
                   A        B        C        D        E       F      G
               +--------+--------+--------+--------+--------+-----+--------+
         Total |   1343 |   1313 |     30 |      0 |   1122 |   3 |  447.7 |
       Dungeon |   1343 |   1313 |     30 |      0 |   1122 |   3 |  447.7 |
               +--------+--------+--------+--------+--------+-----+--------+

Top non-repeatable levels by time:
     D:1: 675 daAuts
     D:2: 633 daAuts
     D:3: 34 daAuts
